 Dungeon Crawl Stone Soup version 0.29.0-7-g18a832c13a (webtiles) character file.

Game seed: 847052520140997239

1420 Gabide the Cudgeller (level 8, -3/64 HPs)
             Began as a Mummy Berserker on Aug 31, 2022.
             Was a Believer of Trog.
             Slain by a troll (14 damage)
             ... on level 6 of the Dungeon on Sept 1, 2022.
             The game lasted 00:17:23 (7260 turns).

Gabide the Cudgeller (Mummy Berserker)              Turns: 7260, Time: 00:17:23

Health: -3/64      AC:  5    Str: 22    XL:     8   Next: 43%
Magic:  8/8        EV: 13    Int:  6    God:    Trog [**....]
Gold:   288        SH:  0    Dex: 12    Spells: 7/7 levels left

rFire   + . .      SeeInvis .   a - +1 flail (venom)
rCold   + . .      Faith    .   (no shield)
rNeg    + + +      Spirit   .   e - +0 animal skin
rPois   ∞          Reflect  .   (no helmet)
rElec   .          Harm     .   l - +2 cloak
rCorr   .          Rampage  .   (no gloves)
Will    +....                   (no boots)
Stlth   +.........              (no amulet)
HPRegen 0.20/turn               c - ring of protection from fire
MPRegen 0.11/turn               i - ring of protection from fire

@: no status effects
A: cold resistance 1, negative energy resistance 3, torment resistance 2, heat
vulnerability 1, in touch with death 1, no potions
a: Renounce Religion, Trog's Hand


You were on level 6 of the Dungeon.
You worshipped Trog.
Trog was pleased with you.
You visited 1 branch of the dungeon, and saw 6 of its levels.

You collected 288 gold pieces.

Inventory:

Hand Weapons
 a - a +1 flail of venom (weapon)
 b - a +0 sling
 h - a +1 whip of draining
 o - a +0 dire flail of holy wrath
Armour
 e - a +0 animal skin (worn)
 l - a +2 cloak (worn)
Jewellery
 c - a ring of protection from fire (left hand)
 d - a +6 ring of intelligence
 i - a ring of protection from fire (right hand)
Scrolls
 f - a scroll of magic mapping
 g - a scroll of immolation


   Skills:
 + Level 6.1 Fighting
 + Level 6.6 Maces & Flails
 + Level 0.1 Throwing
 - Level 1.5 Armour
 + Level 4.4 Dodging


You had 7 spell levels left.
You didn't know any spells.
Your spell library was empty.

Dungeon Overview and Level Annotations

Branches:
Dungeon (6/15)             Temple (0/1) D:5

Altars:
Cheibriados
Trog
Xom

Annotations:
D:5 exclusion: two-headed ogre


Innate Abilities, Weirdness & Mutations

You are immune to poison.
Your flesh is cold resistant. (rC+)
You are immune to negative energy. (rN+++)
You are immune to unholy pain and torment.
You are vulnerable to heat. (rF-)
You are in touch with the powers of death.
You do not drink.


Message History

Your Fighting skill increases to level 6!
You hit the ice beast but do no damage. The ice beast barely misses you.
You closely miss the ice beast.
The ice beast hits you but does no damage.
You hit the ice beast.
The ice beast is lightly wounded.
The ice beast closely misses you.
You sock the ice beast!
The ice beast is heavily wounded.
The ice beast hits you but does no damage.
You sock the ice beast!
The ice beast is almost dead.
The ice beast misses you.
You closely miss the ice beast.
The ice beast is almost dead.
The ice beast completely misses you.
You hit the ice beast.
You kill the ice beast!
Trog accepts your kill.
You start resting.
HP restored.
You climb downwards.
The troll bites you! The troll claws you.
The troll claws you but does no damage. The troll bites you but does no damage.
The troll claws you! The troll claws you but does no damage.
There is a stone staircase leading up here.
You closely miss the troll. The troll bites you.
The troll completely misses you. The troll misses you.
You closely miss the troll. The troll bites you but does no damage.
The troll closely misses you. The troll claws you!
You thump the troll!
The troll is poisoned.
The troll is moderately wounded.
The troll closely misses you. The troll claws you!
* * * LOW HITPOINT WARNING * * *
The troll claws you.
* * * LOW HITPOINT WARNING * * *
Okay, then.
Unknown command.
Found a plate armour.
The troll attacks as you move away! The troll bites you!
You die...

............. ......
.......#....##......#
......#....##......# ..
.........#.......#
..####.#.# #.#.......##
#...>....###$#..#.#...
#........†...#.......
#........#......#.###.#
#.##.#.!.####...@.....#
........>.....#.#T####..
#....#......#...<....#
#.........#.#.#.#..#.#
##....#...#...###..# [.
#.................# .#
#......###.###.#..# #
#......# .#.. .#...
##.###.#.[ ..# #....


You could see a troll (very poisoned).

Vanquished Creatures
  Edmund (D:4)
  An ice beast (D:5)
  A black bear (D:4)
  2 ogres (D:5)
  2 centaurs (D:5)
  A phantom (D:5)
  A kobold brigand (D:5)
  3 scorpions
  A necrophage (D:5)
  A howler monkey (D:4)
  A hound (D:5)
  Jessica (D:3)
  2 orc wizards (D:3)
  Natasha (thrice) (D:4)
  2 iguanas (D:5)
  6 adders
  A shadow imp (D:5)
  An ufetubus (D:4)
  A worm (D:5)
  2 dart slugs
  4 orcs
  A bat (D:2)
  5 endoplasms
  5 giant cockroaches
  8 goblins
  7 hobgoblins
  3 jackals (D:2)
  16 kobolds
  7 quokkas
  6 ball pythons
  A frilled lizard (D:1)
  3 rats
100 creatures vanquished.

Notes
Turn   | Place    | Note
-------+----------+-------------------------------------------
     0 | D:1      | Gabide the Mummy Berserker began the quest for the Orb.
     0 | D:1      | Reached XP level 1. HP: 18/18 MP: 1/1
   169 | D:1      | Found a faded altar of an unknown god.
   495 | D:1      | Reached XP level 2. HP: 20/24 MP: 2/2
  1526 | D:1      | Gained mutation: You are in touch with the powers of death.
                  | [Mummy growth]
  1526 | D:1      | Reached XP level 3. HP: 29/29 MP: 3/3
  1746 | D:2      | Reached ** piety under Trog
  2810 | D:3      | Found a bloodstained altar of Trog.
  2853 | D:3      | Found a snail-covered altar of Cheibriados.
  2932 | D:3      | Reached XP level 4. HP: 31/37 MP: 4/4
  3356 | D:3      | Noticed Jessica
  3365 | D:3      | Killed Jessica
  3366 | D:3      | Reached XP level 5. HP: 31/42 MP: 5/5
  4181 | D:4      | Noticed a black bear
  4190 | D:4      | Killed a black bear
  4191 | D:4      | Reached XP level 6. HP: 25/49 MP: 6/6
  4297 | D:4      | Noticed Natasha
  4304 | D:4      | Killed Natasha
  4309 | D:4      | Noticed Natasha
  4313 | D:4      | Killed Natasha
  4410 | D:4      | Noticed Edmund
  4607 | D:4      | Found a large runed translucent door.
  4608 | D:4      | Found a large runed translucent door.
  4609 | D:4      | Found a shimmering altar of Xom.
  4904 | D:4      | Noticed Natasha
  4908 | D:4      | Killed Natasha
  5089 | D:5      | Entered Level 5 of the Dungeon
  5109 | D:5      | Reached skill level 5 in Maces & Flails
  5109 | D:5      | Reached XP level 7. HP: 31/55 MP: 7/7
  5260 | D:5      | Reached skill level 5 in Fighting
  5719 | D:5      | Noticed a two-headed ogre
  6226 | D:5      | Reached XP level 8. HP: 40/64 MP: 8/8
  6583 | D:4      | Killed Edmund
  6633 | D:5      | Found a staircase to the Ecumenical Temple.
  7164 | D:6      | Noticed a troll
  7260 | D:6      | Slain by a troll

Illustrated notes

Levels and vault maps discovered:
D:1:      elethiomel_arrival_shortcut, layout_basic,
          ebering_ecumenical_altar_box, palyth_stone_intersect,
          patterned_corridor
D:2:      layout_loops_cross
D:3:      layout_basic, lightli_temple_of_fire,
          mainiacjoe_overflow_surrounded_room, uniq_jessica
D:4:      due_chaos_kobolds, layout_basic, uniq_edmund, uniq_natasha
D:5:      layout_cave_pools, minmay_temple_entry_overgrown, nrook_campfire,
          st_stairs_13
D:6:      layout_basic, elyvilon_altar_3, lemuel_crystal_altar,
          minmay_chambers_of_fives, uniq_eustachio

Skill      XL: |  1  2  3  4  5  6  7  8 |
---------------+-------------------------+-----
Maces & Flails | 3 4 5 6 |  6.6
Dodging        | 2 3 4 |  4.4
Fighting       | 4 5 6 |  6.1
Throwing       | |  0.1
Armour         | |  1.5

Action                   |  1- 3 |  4- 6 |  7- 9 || total
-------------------------+-------+-------+-------++-------
Melee: Mace              |    51 |       |       ||    51
       Flail             |    54 |    92 |   101 ||   247
       Whip              |       |    16 |       ||    16
       Punch             |       |       |     1 ||     1
 Fire: Sling             |    45 |    31 |    22 ||    98
Throw: Dart              |       |       |     4 ||     4
Invok: Trog's Hand       |     1 |     4 |     3 ||     8
  Use: Scroll            |     3 |     2 |     4 ||     9
Armor: Animal skin       |    16 |    18 |    34 ||    68
Dodge: Dodged            |    71 |    79 |   101 ||   251
